Map: 宿怨战场-天梯版

Players

MaSa - Winner!

  • Race: Terran Terran
  • League: Gold

Neeb

  • Race: Protoss Protoss

Event: WESG 2018 Grand Finals

VOD

Have the link to the VOD?

Description

Time

  • Played on: March 11, 2019, 3:12 a.m.
  • Length: 9:31

All games in this series

Show
View Real Time Build Order
Export as new Build Order

MaSa Terran - Winner!

Build Orders: 1/1/1, Cyclone Opening 

Get SALT Encoding   

  12  0:00  SCV  
  13  0:12  SCV  
  14  0:17  Supply Depot  
  14  0:24  SCV  
  15  0:39  SCV  
  15  0:40  Barracks  
  16  0:43  Refinery  
  16  0:51  SCV  
  16  0:55  Refinery  
  17  1:02  Supply Depot  
  17  1:06  SCV  
  18  1:18  SCV  
  19  1:27  Marine  
  20  1:36  Factory  
  20  1:47  Orbital Command  
  20  1:53  Barracks Reactor  
  20  2:13  SCV  
  21  2:21  Factory Tech Lab, Starport  
  21  2:26  SCV  
  21  2:29  Marine  
  24  2:30  Marine  
  24  2:36  Supply Depot  
  24  2:44  Cyclone  
  24  2:48  SCV  
  24  2:50  Marine  
  29  2:55  Marine  
  30  3:00  Medivac  
  30  3:03  SCV  
  33  3:10  Supply Depot  
  33  3:12  Marine  
  34  3:15  Marine  
  34  3:16  Liberator  
  35  3:23  Siege Tank  
  41  3:39  SCV  
  42  3:42  Marine x2  
  44  3:51  SCV  
  45  3:58  Supply Depot  
  45  4:04  Marine  
  45  4:05  Marine  
  47  4:19  SCV, Siege Tank, Viking  
  47  4:22  Marine x2  
  55  4:35  Supply Depot  
  55  4:37  Supply Depot  
  55  4:57  Marine x2, SCV  
  55  4:58  Bunker  
  58  5:09  SCV  
  58  5:11  Siege Tank  
  62  5:20  Supply Depot  
  60  5:21  SCV  
  60  5:29  Bunker  
  60  5:33  SCV  
  61  5:38  Marine x2  
  61  5:39  Viking  
  64  5:45  SCV  
  54  5:58  SCV  
  51  6:07  Siege Tank  
  51  6:10  SCV  
  51  6:15  Marine x2  
  51  6:16  Viking  
  55  6:24  Barracks  
  55  6:31  SCV  
  56  6:33  Marine x2  
  53  6:57  SCV  
  53  7:01  Marine x2  
  52  7:04  Siege Tank  
  52  7:05  Viking  
  58  7:09  SCV  
  58  7:11  Bunker, Barracks Tech Lab  
  58  7:19  Marine x2  
  59  7:25  SCV  
  60  7:30  Supply Depot  
  60  7:32  Engineering Bay  
  60  7:36  Marine x2  
  60  7:38  Liberator  
  60  7:40  SCV  
  60  7:43  Marine  
  59  7:51  Bunker  
  59  7:53  SCV  
  59  7:54  Marine  
  64  8:00  Bunker  
  64  8:02  Marine x2  
  66  8:07  Combat Shield  
  66  8:14  SCV  
  66  8:19  Supply Depot  
  67  8:22  Bunker  
  67  8:24  Marine x2  
  70  8:34  Siege Tank  
  70  8:37  Marine  
  71  8:41  Medivac  
  73  8:49  Marine x2  
  73  8:55  Marine, SCV  
  76  9:07  Marine x2  
Show
View Real Time Build Order
Export as new Build Order

Neeb Protoss 

Build Orders: 1 Gate Expand, Phoenix Opening 

Get SALT Encoding   

  12  0:00  Probe  
  13  0:12  Probe  
  14  0:17  Pylon  
  14  0:24  Probe  
  15  0:32  Probe  
  15  0:37  Gateway  
  15  0:40  Probe  
  16  0:48  Assimilator  
  17  0:51  Probe  
  18  1:03  Probe  
  19  1:15  Probe  
  20  1:22  Nexus  
  20  1:32  Cybernetics Core  
  20  1:35  Probe  
  21  1:41  Assimilator  
  21  1:48  Probe  
  21  1:50  Pylon  
  22  1:59  Adept  
  22  2:00  Probe  
  23  2:12  Probe  
  26  2:19  Adept  
  26  2:23  Stargate  
  26  2:24  Probe  
  29  2:36  Probe x2  
  31  2:37  Warp Gate  
  31  2:42  Shield Battery  
  31  2:48  Probe  
  31  2:49  Adept  
  34  2:54  Probe  
  34  2:58  Phoenix  
  35  3:00  Probe  
  36  3:09  Shield Battery  
  36  3:10  Probe  
  39  3:15  Pylon  
  40  3:21  Phoenix  
  41  3:27  Stalker  
  41  3:31  Probe x2  
  45  3:43  Probe  
  45  3:44  Probe  
  45  3:46  Phoenix  
  47  3:53  Stalker  
  47  3:54  Gateway  
  49  3:55  Gateway  
  49  4:03  Shield Battery  
  49  4:09  Shield Battery  
  49  4:15  Phoenix  
  49  4:16  Probe x2  
  53  4:24  Pylon  
  53  4:28  Probe  
  54  4:33  Pylon  
  54  4:42  Stalker, Shield Battery, Probe, Phoenix  
  54  4:43  Shield Battery  
  59  4:53  Adept  
  59  4:56  Pylon  
  59  4:57  Pylon  
  61  5:09  Stalker x2  
  65  5:15  Shield Battery  
  65  5:18  Shield Battery  
  65  5:27  Stalker  
  63  5:34  Zealot x2  
  67  5:38  Phoenix  
  55  5:51  Stalker  
  51  6:00  Stalker  
  53  6:06  Stalker  
  49  6:15  Stalker  
  49  6:17  Probe  
  49  6:18  Probe  
  53  6:19  Gateway  
  53  6:21  Gateway  
  53  6:22  Assimilator  
  53  6:23  Assimilator, Gateway  
  53  6:25  Stalker, Shield Battery  
  55  6:26  Gateway  
  55  6:28  Pylon  
  55  6:29  Shield Battery  
  55  6:30  Probe  
  56  6:41  Stalker  
  56  6:43  Zealot  
  56  6:44  Zealot  
  45  6:56  Probe x2  
  41  7:06  Stalker x3  
  42  7:08  Probe x2  
  43  7:18  Stalker  
  43  7:19  Zealot x2  
  49  7:26  Stalker, Zealot x2  
  55  7:41  Stalker  
  43  7:44  Zealot x3  
  43  7:49  Zealot x3  
  51  7:58  Probe  
  51  8:02  Adept  
  54  8:06  Adept x3  
  59  8:14  Adept x3  
  63  8:33  Stalker x2  
  63  8:34  Zealot x2  
  63  8:57  Stalker x2  
  53  9:21  Zealot x3  
Tags
 
Add a new tag
Caveats
  • Supply blocks, unpowered buildings, or Contaminate may cause inaccurate times.
  • Supply counts are checked every 10 seconds.